 Dungeon Crawl Stone Soup version 0.27-a0-76-ga51d4ba9de (webtiles) character file.

Game seed: 6900359666314727035

77575 spacewizard the Executioner (level 15, -4/135 HPs)
             Began as a Minotaur Berserker on Jan 12, 2021.
             Was the Champion of Trog.
             Slain by an enormous slime creature (46 damage)
             ... on level 2 of the Pits of Slime on Jan 13, 2021.
             The game lasted 01:55:55 (20830 turns).

spacewizard the Executioner (Minotaur Berserker)   Turns: 20830, Time: 01:55:55

Health: -4/135     AC: 12    Str: 31      XL:     15   Next: 15%
Magic:  14/14      EV: 17    Int:  1 (2)  God:    Trog [******]
Gold:   1049       SH:  0    Dex: 10      Spells: 14/14 levels left

rFire    + . .     SeeInvis .   a - +3 executioner's axe (drain)
rCold    . . .     Faith    +   (shield currently unavailable)
rNeg     . . .     Spirit   .   Z - +2 ring mail {rF+}
rPois    +         Reflect  .   (helmet restricted)
rElec    .         Harm     .   i - +1 cloak
rCorr    +         Rampage  .   (no gloves)
Will     +++..                  v - +0 pair of boots {Stlth+}
Stlth    ++++......             N - amulet of faith
HPRegen  0.32/turn              W - ring "Hahe" {Wiz +Blink rPois Will++ Str+3}
MPRegen  0.14/turn              E - ring of resist corrosion

@: studying Dodging
A: retaliatory headbutt, horns 2, blurry vision 2, deterioration 1, dopey 1,
frail 1
a: Renounce Religion, Evoke Blink, Berserk, Trog's Hand, Brothers in Arms


You were on level 2 of the Pits of Slime.
You worshipped Trog.
Trog was exalted by your worship.
You visited 3 branches of the dungeon, and saw 18 of its levels.
You also visited: Bailey.

You collected 1049 gold pieces.

Inventory:

Hand Weapons
 a - a +3 executioner's axe of draining (weapon)
 b - the +6 hand axe of Crystal {flame, rPois Str+2 Stlth-}
   (You took it off an orc on level 4 of the Dungeon)

   It has been specially enchanted to burn those struck by it, causing extra
   injury to most foes and up to half again as much damage against particularly
   susceptible opponents.
   Big, fiery blades are also staple armaments of hydra-hunters.
   It affects your strength (+2).
   It protects you from poison.
   It makes you less stealthy.
Missiles
 T - 10 curare-tipped darts
Armour
 i - a +1 cloak (worn)
 v - a +0 pair of boots of stealth (worn)
 B - the +3 hat of Pondering {ponderous, Will+ MP+10 Int+5}
   (You took it off Gastronok on level 2 of the Lair of Beasts)

   It affects your intelligence (+5).
   It affects your willpower, your defense against some magical effects.
   It affects your magic capacity (+10).
 G - the +1 robe "Baroul" {Dex+2}
   (You found it on level 6 of the Dungeon)

   It affects your dexterity (+2).
 X - +0 fire dragon scales
 Z - a +2 ring mail of fire resistance (worn)
Jewellery
 g - an uncursed amulet of reflection
 n - an uncursed ring of positive energy
 q - an uncursed ring of fire
 C - an uncursed ring of see invisible
 E - a ring of resist corrosion (right hand)
 L - a +4 ring of protection
 N - an amulet of faith (around neck)
 S - an uncursed ring of ice
 W - the ring "Hahe" (left hand) {Wiz +Blink rPois Will++ Str+3}
   (You found it on level 8 of the Dungeon)

   [ring of wizardry]

   It improves your spell success rate.
   It affects your strength (+3).
   It protects you from poison.
   It affects your willpower, your defense against some magical effects.
   It lets you blink.
Wands
 s - a wand of polymorph (3)
 t - a wand of random effects (28)
 u - a wand of disintegration (18)
 U - a wand of flame (19)
 V - a wand of enslavement (3)
Scrolls
 c - 13 scrolls of remove curse
 e - 3 scrolls of magic mapping
 j - 2 scrolls of fear
 l - a scroll of vulnerability {unknown}
 p - 3 scrolls of enchant weapon
 x - 2 scrolls of identify
 y - 9 scrolls of teleportation
 F - 2 scrolls of blinking
 Q - 3 scrolls of immolation
 Y - a scroll of fog
Potions
 h - 11 potions of curing
 k - 2 potions of might
 m - 2 potions of heal wounds
 o - 2 potions of berserk rage {unknown}
 r - a potion of magic
 w - a potion of haste
 z - 2 potions of cancellation {unknown}
 A - 3 potions of mutation {unknown}
 D - a potion of flight
 H - a potion of invisibility
 I - 4 potions of attraction
 J - 3 potions of lignification {unknown}
 K - a potion of resistance {unknown}
 O - a potion of experience {unknown}
 R - 2 potions of ambrosia {unknown}
Books
 M - a manual of Dodging
Miscellaneous
 d - a phial of floods


   Skills:
 + Level 18.4 Fighting
 + Level 21.1 Axes
 + Level 2.3 Throwing
 + Level 8.5 Armour
 + Level 12.1 Dodging
 + Level 7.8 Stealth
 + Level 2.4 Evocations


You had 14 spell levels left.
You didn't know any spells.
Your spell library was empty.

Dungeon Overview and Level Annotations

Branches:
Dungeon (10/15)            Temple (0/1) D:7            Lair (6/6) D:10
  Swamp (0/4) Lair:2        Snake (0/4) Lair:4        Slime (2/5) Lair:6
    Orc (0/2) D:10         Bailey (visited)

Altars:
Dithmenos
Elyvilon
Fedhas
Gozag
Hepliaklqana
Kikubaaqudgha
Nemelex Xobeh
Qazlal
Sif Muna
Vehumet
Zin
The Shining One
Jiyva
Lugonu

Shops:
D:4 =   D:5 [   D:6 ?

Portals:
Abyss: Lair:3


Innate Abilities, Weirdness & Mutations

You reflexively headbutt those who attack you in melee.
You have a pair of horns on your head.
Scrolls take you longer to read.
Your body sometimes deteriorates upon taking damage.
You are dopey. (Int -2)
You are frail. (-10% HP)


Message History

The large slime creature closely misses you.
You furiously retaliate!
You headbutt the large slime creature.
Two slime creatures merge to form an enormous slime creature.
You chop the enormous slime creature into pieces!!!
The enormous slime creature is heavily wounded.
Your ring mail prevents you from hitting the very large slime creature.
You slash the large slime creature!
You kill the large slime creature!
Trog accepts your kill. Something appears at your feet!
Trog grants you a weapon! The enormous slime creature hits you!!!
* * * LOW HITPOINT WARNING * * *
The very large slime creature misses you.
You furiously retaliate!
You headbutt the very large slime creature!!
You feel much better.
You recover from your berserk rage.
The enormous slime creature hits you!!!
You die...

..##.## ## .......#####.## ..
........#.....# ##.......
.............# ........ .
#............# ##......##..
#......<....### ##...........
............#.###J.<...#.....
................J#......#....
...............@JJ#.....J#...
.............................
.............##..............
.........#...#...............
....<....##................>.
.>.......#..................
.........#.#.#.#..........#
.#.#. .#########.#...#.###
#########


You could see an enormous slime creature (drained), 2 very large slime creatures
and a slime creature.

Vanquished Creatures
  2 acid blobs (Slime:1)
  Gastronok (Lair:2)
  Snorg (Lair:4)
  A fire dragon (Lair:6)
  9 hydras
  The ghost of Ysishiw the Fighter, a journeyman GnAK of Lugonu (Lair:3)
  4 boulder beetles
  A death yak (Lair:1)
  Sonja (Lair:5)
  A flayed ghost (D:8)
  The ghost of Gildeon the Cleaver, a novice MiFi of Makhleb (D:6)
  3 lindwurms
  An orc knight (Bailey)
  6 shining eyes
  A will-o-the-wisp (Lair:2)
  16 elephants
  10 black mambas
  2 molten gargoyles (Lair:6)
  A gargoyle (D:10)
  An eye of devastation (Slime:2)
  Maggie (D:10)
  A kobold demonologist (D:10)
  2 rime drakes
  13 cane toads
  10 komodo dragons
  2 trolls
  2 polar bears
  2 hornets (Lair:4)
  52 slime creatures
  Grinder (D:3)
  13 blink frogs
  7 dream sheep (Lair:4)
  2 shadows (D:8)
  3 wraiths (D:8)
  20 fire bats (D:8)
  11 wyverns
  21 yaks
  5 golden eyes (Slime:2)
  A vampire mosquito (D:6)
  10 basilisks
  2 steam dragons (Lair:6)
  3 nagas (Lair:4)
  4 hell hounds (Lair:6)
  11 water moccasins
  13 orc warriors
  2 ice beasts (D:8)
  4 sky beasts
  2 necrophages
  2 black bears
  2 phantoms
  An eye of draining (D:8)
  16 wolves
  An ogre (D:8)
  7 centaurs
  8 big kobolds
  A wyvern zombie (D:4)
  19 bullfrogs
  A wyvern skeleton (D:10)
  3 scorpions
  9 killer bees
  14 wights
  6 howler monkeys
  5 lava snakes (Lair:6)
  A bullfrog zombie (D:5)
  A centaur zombie (D:6)
  4 hounds
  4 jellies
  3 orc priests
  A bullfrog skeleton (D:5)
  2 centaur skeletons
  Jessica (D:2)
  3 iguanas
  6 orc wizards
  2 hell rats (Lair:1)
  7 worker ants
  Robin (D:3)
  A gnoll (D:1)
  6 adders
  4 river rats (Lair:1)
  3 shadow imps (D:10)
  A white imp (D:5)
  3 ufetubi
  3 oozes
  An adder zombie (D:9)
  3 worms
  2 dart slugs (D:2)
  5 leopard geckos
  65 orcs
  5 giant cockroaches
  16 goblins
  12 hobgoblins
  10 jackals
  41 kobolds
  4 quokkas
  63 bats
  6 frilled lizards
  A giant cockroach zombie (D:6)
  6 kobold skeletons (D:10)
  12 kobold zombies (D:10)
  2 quokka skeletons
  12 rats
  A lurking horror (Lair:3)
703 creatures vanquished.

Vanquished Creatures (others)
  2 foxfires (Lair:2)
  20 fungi
  33 plants
55 creatures vanquished.

Grand Total: 758 creatures vanquished

Notes
Turn   | Place    | Note
-------+----------+-------------------------------------------
     0 | D:1      | spacewizard the Minotaur Berserker began the quest for the
                  | Orb.
     0 | D:1      | Reached XP level 1. HP: 19/19 MP: 0/0
    18 | D:1      | Reached XP level 2. HP: 27/27 MP: 1/1
    56 | D:1      | Reached skill level 4 in Axes
   475 | D:1      | Reached XP level 3. HP: 21/33 MP: 2/2
  1067 | D:2      | Found a sparkling altar of Nemelex Xobeh.
  1068 | D:2      | Found a glowing golden altar of the Shining One.
  1159 | D:2      | Found an opulent altar of Gozag.
  1161 | D:2      | Found a shimmering blue altar of Sif Muna.
  1161 | D:2      | Found a blossoming altar of Fedhas.
  1185 | D:2      | Noticed Jessica
  1191 | D:2      | Killed Jessica
  1192 | D:2      | Reached XP level 4. HP: 41/41 MP: 3/3
  1256 | D:2      | Reached ** piety under Trog
  1387 | D:2      | Reached skill level 5 in Axes
  1555 | D:3      | Noticed Robin
  1560 | D:3      | Killed Robin
  1574 | D:3      | Reached XP level 5. HP: 47/47 MP: 4/4
  2029 | D:3      | Reached *** piety under Trog
  2048 | D:3      | Reached skill level 6 in Axes
  2327 | D:3      | Noticed Grinder
  2347 | D:3      | Killed Grinder
  2348 | D:3      | Reached skill level 5 in Fighting
  2348 | D:3      | Reached skill level 1 in Stealth
  2348 | D:3      | Reached XP level 6. HP: 33/56 MP: 5/5
  2608 | D:4      | Reached skill level 7 in Axes
  2788 | D:4      | Found Egrutaeb's Jewellery Boutique.
  2807 | D:4      | Reached XP level 7. HP: 21/61 MP: 6/6
  3271 | D:4      | Reached skill level 8 in Axes
  3277 | D:4      | Identified the +6 hand axe of Crystal {flame, rPois Str+2
                  | Stlth-}
  3290 | D:4      | Reached **** piety under Trog
  3532 | D:4      | Reached XP level 8. HP: 71/71 MP: 7/7
  3630 | D:5      | Entered Level 5 of the Dungeon
  3794 | D:5      | Found a hazy altar of Hepliaklqana.
  3809 | D:5      | Found Deixot's Armour Boutique.
  3854 | D:5      | Found a shimmering blue altar of Sif Muna.
  3876 | D:5      | Reached skill level 5 in Dodging
  3955 | D:5      | Reached skill level 9 in Axes
  4714 | D:6      | Found Baitiez's Magic Scroll Boutique.
  4767 | D:6      | Found a runed translucent door.
  4782 | D:6      | Reached skill level 10 in Axes
  4907 | D:6      | Noticed Gildeon's ghost (novice MiFi)
  4940 | D:6      | Got a transparent robe
  4951 | D:6      | Identified the cursed +1 robe "Baroul" {Dex+2} (You found
                  | it on level 6 of the Dungeon)
  4974 | D:6      | Found a glowing golden altar of the Shining One.
  5124 | D:6      | Got a pitted long sword
  5125 | D:6      | Identified the +5 long sword of Saaquilu {vorpal, Will+}
                  | (You found it on level 6 of the Dungeon)
  5171 | D:6      | Reached XP level 9. HP: 80/80 MP: 8/8
  5532 | D:6      | Killed Gildeon's ghost
  5533 | D:6      | Reached skill level 11 in Axes
  5600 | D:7      | Reached ***** piety under Trog
  6070 | D:7      | Found a staircase to the Ecumenical Temple.
  6230 | D:7      | You fall into a shaft and drop 2 floors!
  6230 | D:9      | Found a white marble altar of Elyvilon.
  6311 | D:9      | Reached skill level 12 in Axes
  6453 | D:8      | Reached XP level 10. HP: 91/91 MP: 9/9
  6481 | D:8      | Found a flagged portal.
  6491 | Bailey   | Entered a bailey
  7638 | Bailey   | Noticed an orc knight
  7646 | Bailey   | Killed an orc knight
  7647 | Bailey   | Reached skill level 1 in Throwing
  7647 | Bailey   | Reached skill level 1 in Evocations
  8323 | D:8      | Reached skill level 10 in Fighting
  8323 | D:8      | Reached skill level 13 in Axes
  8737 | D:8      | Received a gift from Trog
  8820 | D:8      | Found a runed translucent door.
  8834 | D:8      | Reached skill level 5 in Stealth
  9558 | D:8      | Found a glowing silver altar of Zin.
  9574 | D:8      | Reached XP level 11. HP: 101/101 MP: 10/10
  9637 | D:8      | Found a stormy altar of Qazlal.
  9651 | D:8      | Reached skill level 14 in Axes
  9667 | D:8      | Found a radiant altar of Vehumet.
  9805 | D:8      | Found a glowing silver altar of Zin.
  9828 | D:8      | Found a radiant altar of Vehumet.
  9830 | D:8      | Reached ****** piety under Trog
  9850 | D:8      | Found a shadowy altar of Dithmenos.
  9876 | D:8      | Received a gift from Trog
 10031 | D:8      | Noticed a flayed ghost
 10050 | D:8      | Killed a flayed ghost
 10061 | D:8      | Got an ancient iron ring
 10063 | D:8      | Identified the ring "Hahe" {Wiz +Blink rPois Will++ Str+3}
                  | (You found it on level 8 of the Dungeon)
 10286 | D:10     | Entered Level 10 of the Dungeon
 10447 | D:10     | Reached skill level 15 in Axes
 10530 | D:10     | Noticed Maggie
 10537 | D:10     | Killed Maggie
 10720 | D:10     | Found a staircase to the Orcish Mines.
 10819 | D:10     | Found an ancient bone altar of Kikubaaqudgha.
 10826 | D:10     | Received a gift from Trog
 10905 | D:10     | Found a staircase to the Lair.
 11089 | Lair:1   | Entered Level 1 of the Lair of Beasts
 11162 | Lair:1   | Reached XP level 12. HP: 113/113 MP: 11/11
 11256 | Lair:1   | Reached skill level 10 in Dodging
 11260 | Lair:1   | Reached skill level 16 in Axes
 11372 | Lair:1   | Noticed a death yak
 11380 | Lair:1   | Killed a death yak
 11570 | Lair:1   | Noticed a five-headed hydra
 11581 | Lair:1   | Killed a one-headed hydra
 11665 | Lair:1   | Received a gift from Trog
 12183 | Lair:2   | Noticed a boulder beetle
 12199 | Lair:2   | Killed a boulder beetle
 12462 | Lair:2   | Noticed Gastronok
 12478 | Lair:2   | Killed Gastronok
 12479 | Lair:2   | Reached skill level 17 in Axes
 12725 | Lair:2   | Noticed a seven-headed hydra
 12731 | Lair:2   | Killed a four-headed hydra
 12732 | Lair:2   | Reached skill level 5 in Armour
 12757 | Lair:2   | Noticed a five-headed hydra
 12774 | Lair:2   | Killed a one-headed hydra
 12792 | Lair:2   | Found a staircase to the Swamp.
 13658 | Lair:3   | Reached XP level 13. HP: 125/125 MP: 12/12
 13885 | Lair:3   | Found a runed translucent gate.
 13886 | Lair:3   | Found a runed translucent gate.
 13887 | Lair:3   | Found a runed translucent gate.
 13888 | Lair:3   | Noticed Ysishiw's ghost (journeyman GnAK)
 13944 | Lair:3   | Killed Ysishiw's ghost
 14545 | Lair:3   | Found a corrupted altar of Lugonu.
 14545 | Lair:3   | Found a one-way gate to the infinite horrors of the Abyss.
 14976 | Lair:3   | Reached skill level 15 in Fighting
 15066 | Lair:3   | Reached skill level 18 in Axes
 15471 | Lair:4   | Found a staircase to the Snake Pit.
 15546 | Lair:4   | Noticed Snorg
 15575 | Lair:4   | Killed Snorg
 15966 | Lair:4   | Received a gift from Trog
 16584 | Lair:4   | Reached skill level 19 in Axes
 17545 | Lair:5   | Reached XP level 14. HP: 117/138 MP: 13/13
 17903 | Lair:5   | Noticed Sonja
 17906 | Lair:5   | Killed Sonja
 18273 | Lair:6   | Entered Level 6 of the Lair of Beasts
 18283 | Lair:6   | Received a gift from Trog
 18393 | Lair:6   | Found a runed translucent door.
 18393 | Lair:6   | Found a viscous altar of Jiyva.
 18394 | Lair:6   | Found a staircase to the Slime Pits.
 19293 | Lair:6   | Reached skill level 20 in Axes
 19521 | Lair:6   | Found a large runed translucent door.
 19521 | Lair:6   | Found a large runed translucent door.
 19994 | Slime:1  | Entered Level 1 of the Pits of Slime
 20010 | Slime:1  | Received a gift from Trog
 20223 | Lair:6   | Upgraded the game from 0.27-a0-75-g9f9dfd16e9 to
                  | 0.27-a0-76-ga51d4ba9de
 20339 | Slime:1  | Noticed an acid blob
 20349 | Slime:1  | Killed an acid blob
 20369 | Slime:1  | Gained mutation: Your body sometimes deteriorates upon
                  | taking damage. [a shining eye]
 20379 | Slime:1  | Gained mutation: Scrolls take you a little longer to read.
                  | [a shining eye]
 20380 | Slime:1  | Noticed an acid blob
 20381 | Slime:1  | Gained mutation: You are frail. (-10% HP) [a shining eye]
 20383 | Slime:1  | Gained mutation: Scrolls take you longer to read. [a
                  | shining eye]
 20384 | Slime:1  | Gained mutation: You are dopey. (Int -2) [a shining eye]
 20388 | Slime:1  | Killed an acid blob
 20773 | Slime:2  | Reached XP level 15. HP: 134/134 MP: 14/14
 20781 | Slime:2  | Reached skill level 21 in Axes
 20829 | Slime:2  | Received a gift from Trog
 20830 | Slime:2  | Slain by an enormous slime creature

Illustrated notes

Levels and vault maps discovered:
D:1:      scummos_arrival_forest, layout_rooms
D:2:      layout_rooms, grunt_temple_overflow_open, corexii_corridor_pit,
          minmay_cupped, uniq_jessica
D:3:      layout_loops_ring, minmay_unequal, uniq_grinder, uniq_robin
D:4:      minmay_chambers_of_threes, layout_gridville, serial_shops,
          nicolae_shop_trees
D:5:      layout_cave_pods, nicolae_overflow_hidden_temple, serial_shops, shop,
          lemuel_blue_sif_altar
D:6:      layout_loops_ring, serial_shops, shop, ebering_ghost_inner_flame,
          chequers_serial_rivers_small_3, dk_vineyard_3,
          nicolae_tso_carved_into_rock
D:7:      layout_gridville, minmay_temple_entry_waves, minmay_manual_mail
D:8:      due_megacathedral, layout_basic, enter_bailey_2,
          minmay_shattered_shrine
D:9:      layout_rooms, elyvilon_altar_1
D:10:     wander_kiku_kobolds, layout_irregular_city, lair_entry_dummy,
          hiddenorc1_lemuel, uniq_maggie
Lair:1:   layout_cave_shapes, kennysheep_abandoned_house
Lair:2:   layout_regular_city, minmay_swamp_entry_wisps, grunt_megastairs_4,
          uniq_gastronok
Lair:3:   layout_layer_cave, ebering_ghost_rock_garden,
          amcnicky_altar_lugonu_corruption, serial_bayou_shore_a
Lair:4:   cheibrodos_lair_overgrown_chateau, layout_hall_layers,
          minmay_snake_entry_guardpost_small, st_stairs_5, uniq_snorg
Lair:5:   layout_gridlike, uniq_sonja
Lair:6:   cheibrodos_lair_end_hotspot, layout_big_grid, slime_altar_2
Slime:1:  layout_caves
Slime:2:  layout_caves

Skill      XL: |  1  2  3  4  5  6  7  8  9 10 11 12 13 14 15 |
---------------+----------------------------------------------+-----
Axes           | 4 5 6 7 8 10 12 13 15 17 19 20 21 | 21.1
Fighting       | 4 5 6 7 9 10 12 14 16 18 | 18.4
Dodging        | 3 4 5 6 8 9 10 11 12 | 12.1
Stealth        | 1 2 3 4 5 6 7 |  7.8
Throwing       | 2 |  2.3
Evocations     | 2 |  2.4
Armour         | 3 5 7 8 |  8.5

Action                   |  1- 3 |  4- 6 |  7- 9 | 10-12 | 13-15 || total
-------------------------+-------+-------+-------+-------+-------++-------
Melee: Hand axe          |    64 |   118 |   194 |    65 |    42 ||   483
       Headbutt          |    10 |    15 |    29 |    66 |    97 ||   217
       Executioner's axe |       |       |       |   354 |   413 ||   767
Throw: Dart              |       |       |       |    17 |       ||    17
Invok: Berserk           |     2 |     2 |     5 |    12 |    10 ||    31
       Trog's Hand       |       |       |     2 |     4 |     2 ||     8
Evoke: Wand              |       |       |       |    24 |     1 ||    25
  Use: Scroll            |       |       |       |    20 |     1 ||    21
       Potion            |       |       |       |     2 |     5 ||     7
 Stab: Sleeping          |       |     2 |     1 |    33 |    13 ||    49
       Distracted        |       |       |     1 |     1 |     1 ||     3
Armor: Animal skin       |    18 |    13 |    14 |       |       ||    45
       Robe              |       |       |    13 |    12 |       ||    25
       Troll leather arm |       |       |       |   106 |       ||   106
       Ring mail         |       |       |       |    19 |   114 ||   133
Dodge: Dodged            |    30 |    71 |   102 |   422 |   312 ||   937

Table legend: (Time is in decaauts)
 A = Elapsed time spent in this place.
 B = Non-inter-level travel time spent in this place.
 C = Inter-level travel time spent in this place.
 D = Time resting spent in this place.
 E = Time spent auto-exploring this place.
 F = Levels seen in this place.
 G = Mean time per level.
                   A        B        C        D        E       F      G
               +--------+--------+--------+--------+--------+-----+--------+
         Total |  21061 |  20286 |    775 |   2357 |  14125 |  19 | 1108.5 |
       Dungeon |   9747 |   9375 |    372 |    106 |   7439 |  10 |  974.7 |
          Lair |   9197 |   8837 |    360 |   1541 |   5895 |   6 | 1532.8 |
    Slime Pits |    633 |    590 |     43 |     49 |    341 |   2 |  316.5 |
        Bailey |   1483 |   1483 |      0 |    661 |    450 |   1 | 1483.0 |
               +--------+--------+--------+--------+--------+-----+--------+

Top non-repeatable levels by time:
  Lair:4: 1974 daAuts
  Lair:6: 1952 daAuts
     D:8: 1932 daAuts
  Lair:3: 1863 daAuts
  Bailey: 1483 daAuts
  Lair:1: 1348 daAuts
     D:4: 1233 daAuts
  Lair:2: 1222 daAuts
     D:3: 1045 daAuts
     D:1: 1005 daAuts
     D:6: 973 daAuts
     D:7: 953 daAuts
    D:10: 860 daAuts
  Lair:5: 835 daAuts
     D:5: 830 daAuts
